 Seeded DCSS version 0.27.1-36-g1b1ada6b1e (webtiles) character file.

Game seed: 20230666777000123 (custom seed)

102 Mickster the Covered (level 4, 0/42 HPs)
             Began as a Deep Dwarf Fighter on Feb 10, 2023.
             Slain by an orc priest (2 damage)
             ... on level 4 of the Dungeon.
             The game lasted 00:28:47 (4778 turns).

Mickster the Covered (Deep Dwarf Fighter)           Turns: 4778, Time: 00:28:48

Health: 0/42       AC:  8    Str: 20    XL:     4   Next: 50%
Magic:  4/4        EV:  7    Int:  9    God:
Gold:   120        SH:  9    Dex: 12    Spells: 3/3 levels left

rFire    + . .     SeeInvis .   j - +4 flail
rCold    . . .     Faith    .   c - +0 kite shield
rNeg     . . .     Spirit   .   b - +1 scale mail
rPois    .         Reflect  .   (no helmet)
rElec    .         Harm     .   (no cloak)
rCorr    .         Rampage  .   (no gloves)
Will     .....                  (no boots)
Stlth    ..........             (no amulet)
HPRegen  0.00/turn              k - ring of protection from fire
MPRegen  0.09/turn              (no ring)

@: mighty
A: damage resistance, heal wounds, sense surroundings 1, no regeneration
a: Heal Wounds


You were on level 4 of the Dungeon.
You visited 1 branch of the dungeon, and saw 4 of its levels.

You collected 120 gold pieces.

Inventory:

Hand Weapons
 a - a +1 war axe
 j - a +4 flail (weapon)
 m - a +0 dagger of venom
 o - a +0 hunting sling
Missiles
 e - 58 bolts
 f - 28 stones
 h - 30 arrows
 l - 6 boomerangs (quivered)
 n - 13 sling bullets
Armour
 b - a +1 scale mail (worn)
 c - a +0 kite shield (worn)
Magical Staves
 g - a staff of fire
 i - a staff of fire
Jewellery
 k - a ring of protection from fire (left hand)


   Skills:
 + Level 3.0 Fighting
 - Level 3.4(3.5) Axes
 * Level 1.0(2.2) Maces & Flails
 + Level 4.0 Armour
 + Level 0.5 Dodging
 + Level 3.9 Shields


You had 3 spell levels left.
You didn't know any spells.
Your spell library contained the following spells:

 Spells                   Type           Power      Damage    Failure   Level
 Freeze                   Ice            0%         1d3       99%         1
 Frozen Ramparts          Ice            0%         1d2       100%        3
 Stone Arrow              Conj/Erth      0%         3d7       100%        3
 Hailstorm                Conj/Ice       0%         3d3       100%        4
 Bolt of Magma            Conj/Fire/Erth 0%         4d4       100%        5
 Shatter                  Erth           0%         3d5*      100%        9


Dungeon Overview and Level Annotations

Branches:
Dungeon (4/15)
 Temple: D:4-7

Altars:

Shops:
D:2 =


Innate Abilities, Weirdness & Mutations

You are resistant to damage.
You can heal yourself by infusing magical energy.
You passively map a small area around you.
You do not regenerate.


Message History

The orc shouts!
The orc priest shouts!
You barely miss the orc. The orc hits you but does no damage.
The orc closely misses you.
You barely miss the orc. The orc priest closely misses you.
You hit the orc.
The orc is severely wounded.
You block the orc's attack.
The orc priest hits you but does no damage.
An orc comes into view. It is wielding a +0 war axe.
The orc barely misses you. The orc hits you but does no damage.
You sock the orc!
You kill the orc!
You block the orc priest's attack. You block the orc's attack.
The orc priest mumbles some strange prayers to Beogh against you.
Beogh smites you!
* * * LOW HITPOINT WARNING * * *
Your shield and scale mail prevent you from hitting the orc.
The orc hits you with a +0 flail.
* * * LOW HITPOINT WARNING * * *
You block the orc priest's attack. The orc barely misses you. x2
You feel very mighty all of a sudden. You block the orc priest's attack.
The orc hits you but does no damage. x2
You closely miss the orc.
The orc priest hits you but does no damage.
You block the orc's attack. The orc barely misses you.
The orc priest hits you but does no damage.
The orc hits you with a +0 war axe.
You sock the orc!
You kill the orc!
You block the orc's attack. You block the orc priest's attack.
Your base Maces & Flails skill increases to level 1!
Unknown command.
You hit the orc but do no damage. You block the orc's attack.
You block the orc priest's attack. The orc hits you with a +0 flail.
* * * LOW HITPOINT WARNING * * *
You block the orc priest's attack.
You sock the orc!
You kill the orc!
The orc priest hits you with a +0 club.
You die...

.###.# #######..#.##
## #.#
##...........# .*
#.###..######.##.#
..##.##..## ..##†.#
#.......## ...##..##
##.....##,....##...#
##...## ,...##..#.#
* ##.## #####.....#
,...., ,......)@###
.##.#* #####.o)# .
*... , ##..# .#.
##.. * *,##. * * * ,
#. # * , , , *


You could see an orc priest.

Vanquished Creatures
  2 adders (D:2)
  A gnoll (D:1)
  3 worms
  A dart slug (D:1)
  4 orcs
  2 ball pythons
  4 bats
  4 endoplasms
  3 giant cockroaches
  6 goblins
  6 hobgoblins
  2 jackals (D:4)
  3 quokkas
  12 frilled lizards
  3 kobolds
  5 rats
61 creatures vanquished.

Vanquished Creatures (others)
  3 plants (D:1)
3 creatures vanquished.

Grand Total: 64 creatures vanquished

Notes
Turn   | Place    | Note
-------+----------+-------------------------------------------
     0 | D:1      | Mickster the Deep Dwarf Fighter began the quest for the
                  | Orb.
     0 | D:1      | Reached XP level 1. HP: 20/20 MP: 1/1
   244 | D:1      | Reached XP level 2. HP: 20/27 MP: 2/2
   921 | D:2      | Reached XP level 3. HP: 28/33 MP: 3/3
  1218 | D:2      | Found Zashuocau's Jewellery Shop.
  2152 | D:3      | Reached XP level 4. HP: 27/42 MP: 4/4
  4462 | D:4      | Reached skill level 4 in Armour
  4777 | D:4      | Reached skill level 1 in Maces & Flails
  4777 | D:4      | HP: 2/42 [orc (4)]
  4778 | D:4      | Slain by an orc priest

Illustrated notes

Levels and vault maps discovered:
D:1:      grunt_arrival_lava_bath, layout_loops_corners, minmay_lizard_king
D:2:      layout_basic, serial_shops, shop_statue, basic_ecumenical_altar,
          st_stairs_7
D:3:      layout_basic, mainiacjoe_overflow_alcove_4, portal_sewer_entry_f,
          minmay_unequal
D:4:      layout_loops_ring, dk_noncrumbling_4, minmay_parallelograms,
          grunt_ministairs_2

Skill      XL: |  1  2  3  4 |
---------------+-------------+-----
Fighting       | 3 |  3.0
Axes           | 3 |  3.4
Armour         | 4 |  4.0
Maces & Flails | 1 |  1.0
Dodging        | |  0.5
Shields        | |  3.9

Action                   |  1- 3 |  4- 6 || total
-------------------------+-------+-------++-------
Melee: War axe           |   107 |    19 ||   126
       Flail             |       |    47 ||    47
Throw: Stone             |     3 |       ||     3
       Boomerang         |       |     3 ||     3
 Abil: Heal Wounds       |     2 |       ||     2
  Use: Scroll            |       |     3 ||     3
       Potion            |       |     3 ||     3
Armor: Scale mail        |    53 |    32 ||    85
Dodge: Dodged            |    42 |    23 ||    65
Block: Kite shield       |    75 |    45 ||   120
